 Dungeon Crawl Stone Soup version 0.22.0-75-g3901e79 (console) character file.

1702 erker the Carver (level 8, -3/70 HPs)
             Began as a Minotaur Fighter on Sept 13, 2018.
             Was a Follower of Makhleb.
             Slain by Pikel
             ... wielding a +2 whip of electrocution
              (17 damage)
             ... on level 6 of the Dungeon.
             The game lasted 00:17:49 (4316 turns).

erker the Carver (Minotaur Fighter)                 Turns: 4316, Time: 00:17:50

Health: -3/70      AC:  9    Str: 26    XL:     8   Next: 73%
Magic:  7/7        EV: 10    Int:  8    God:    Makhleb [*.....]
Gold:   241        SH: 14    Dex: 14    Spells: 7/7 levels left

rFire    . . .     SeeInvis .   a - +0 long sword
rCold    . . .     Gourm    .   c - +0 shield
rNeg     . . .     Faith    .   b - +0 scale mail
rPois    .         Spirit   .   (helmet restricted)
rElec    .         Reflect  +   (no cloak)
rCorr    .         Harm     .   h - +0 pair of gloves (curse)
MR       .....                  (no boots)
Stlth    ..........             t - +3 amulet of reflection
HPRegen  0.21/turn              l - +2 ring of dexterity
MPRegen  0.10/turn              r - +3 ring of intelligence

@: mighty, drained
A: retaliatory headbutt, horns 2
a: Renounce Religion


You were on level 6 of the Dungeon.
You worshipped Makhleb.
Makhleb was aware of your devotion.
You were hungry.

You visited 2 branches of the dungeon, and saw 7 of its levels.

You collected 241 gold pieces.

Inventory:

Hand Weapons
 a - a +0 long sword (weapon)
 A - a +4 short sword of draining
Missiles
 g - 16 poisoned needles
Armour
 b - a +0 scale mail (worn)
 c - a +0 shield (worn)
 h - a cursed +0 pair of gloves (worn)
 x - a +0 plate armour
Jewellery
 l - a +2 ring of dexterity (left hand)
 r - a +3 ring of intelligence (right hand)
 t - a +3 amulet of reflection (around neck)
 w - an uncursed ring of flight {unknown}
Wands
 v - a wand of polymorph (29)
 z - a wand of random effects (17)
Scrolls
 e - a scroll of teleportation
 i - a scroll of remove curse {unknown}
 s - a scroll of fear
 u - a scroll of enchant armour {unknown}
 y - 2 scrolls of identify {unknown}
Potions
 d - a potion of might
 j - 3 potions of mutation {unknown}
 k - 2 potions of brilliance {unknown}
 m - a potion of degeneration {unknown}
 n - a potion of invisibility {unknown}
 o - a potion of curing {unknown}
 p - a potion of ambrosia {unknown}
 q - a potion of cancellation {unknown}
Comestibles
 f - 7 rations


   Skills:
 + Level 6.3(5.9) Fighting
 + Level 8.0(7.6) Long Blades
 + Level 7.7(7.3) Armour
 + Level 3.0(2.7) Dodging
 + Level 6.8(6.4) Shields


You had 7 spell levels left.
You didn't know any spells.
Your spell library was empty.

Dungeon Overview and Level Annotations

Branches:
Dungeon (6/15)             Temple (1/1) D:5

Altars:
Ashenzari
Cheibriados
Elyvilon
Gozag
Hepliaklqana
Makhleb
Okawaru
Qazlal
Sif Muna
Trog
Uskayaw
Xom
Yredelemnul

Annotations:
D:3 Crazy Yiuf, Sigmund
D:6 Pikel


Innate Abilities, Weirdness & Mutations

You reflexively headbutt those who attack you in melee.
You have a pair of horns on your head.


Message History

A slave comes into view. x2
A sky beast appears from thin air!
Reactivating autopickup.
You barely miss the slave. Your headbutt misses the slave.
You are feeling hungry.
You block the slave's attack.
You slash the slave!
The slave is heavily wounded.
You slash Pikel! You headbutt Pikel!
Pikel is severely wounded.
The sky beast flickers out of sight!
Deactivating autopickup; reactivate with Ctrl-A.
Pikel hits you but does no damage.
You are electrocuted!
* * * LOW HITPOINT WARNING * * *
You closely miss Pikel.
Pikel is severely wounded.
Pikel hits you with a whip of electrocution.
* * * LOW HITPOINT WARNING * * *
You are electrocuted!
You die...

#..o.....### ...
##......### ... #.....###
.... #...### ..... ##..##
.....# #...# ......#
#..## ......p####..######
.....p{K@.........#######
###...p####.......).....#
#..##.. #...#######.... .
.... ##...# #### ....#
#...# .(.K.. ##..##
...... #...# ..p...
##..## ##..#######


You could see Pikel and 3 slaves.

Vanquished Creatures
  Prince Ribbit (D:5)
  A water moccasin (D:5)
  An ice beast (D:6)
  An orc warrior (D:6)
  2 centaurs (D:5)
  2 ogres (D:4)
  A scorpion (D:5)
  A wight (D:6)
  2 howler monkeys
  A crimson imp (D:6)
  4 hounds
  A bullfrog skeleton (D:5)
  An orc priest (D:4)
  4 orc wizards
  Jessica (D:3)
  An iguana (D:4)
  5 worker ants
  A hound skeleton (D:5)
  A worker ant zombie (D:5)
  7 gnolls
  6 adders
  An adder skeleton (D:5)
  A leopard gecko (D:4)
  18 orcs
  8 bats
  3 giant cockroaches
  A hobgoblin (D:2)
  7 jackals
  A quokka (D:2)
  7 frilled lizards
  3 goblins
  7 kobolds
  A leopard gecko skeleton (D:4)
  2 quokka skeletons (D:5)
  5 rats
110 creatures vanquished.

Notes
Turn   | Place    | Note
-------+----------+-------------------------------------------
     0 | D:1      | erker the Minotaur Fighter began the quest for the Orb.
     0 | D:1      | Reached XP level 1. HP: 19/19 MP: 0/0
   261 | D:1      | Reached XP level 2. HP: 25/27 MP: 1/1
   790 | D:2      | Reached XP level 3. HP: 33/33 MP: 2/2
  1142 | D:3      | Noticed Jessica
  1147 | D:3      | Killed Jessica
  1147 | D:3      | Reached skill level 3 in Long Blades
  1244 | D:3      | Found a runed door.
  1248 | D:3      | Noticed Crazy Yiuf
  1338 | D:3      | Reached XP level 4. HP: 21/40 MP: 3/3
  1439 | D:3      | Noticed Sigmund
  1555 | D:4      | Reached skill level 5 in Armour
  1626 | D:4      | Reached XP level 5. HP: 45/47 MP: 4/4
  1635 | D:4      | Reached skill level 1 in Dodging
  1732 | D:4      | Reached skill level 4 in Long Blades
  2078 | D:4      | Noticed an ogre
  2085 | D:4      | Killed an ogre
  2085 | D:4      | Reached XP level 6. HP: 30/55 MP: 5/5
  2231 | D:4      | Reached skill level 5 in Fighting
  2324 | D:4      | Reached skill level 5 in Shields
  2756 | D:5      | Entered Level 5 of the Dungeon
  2794 | D:5      | Reached skill level 5 in Long Blades
  2830 | D:5      | Found a shattered altar of Ashenzari.
  2830 | D:5      | Found an opulent altar of Gozag.
  2877 | D:5      | Reached XP level 7. HP: 51/61 MP: 6/6
  3148 | D:5      | Found a staircase to the Ecumenical Temple.
  3156 | Temple   | Entered the Ecumenical Temple
  3164 | Temple   | Became a worshipper of Makhleb the Destroyer
  3187 | D:5      | Noticed Prince Ribbit
  3489 | D:5      | Reached skill level 6 in Long Blades
  3612 | D:5      | Found a snail-covered altar of Cheibriados.
  3956 | D:5      | Killed Prince Ribbit
  4005 | D:5      | Reached XP level 8. HP: 47/69 MP: 7/7
  4031 | D:5      | Reached skill level 7 in Long Blades
  4104 | D:6      | Noticed Duvessa
  4104 | D:6      | Noticed Dowan
  4121 | D:5      | Noticed Duvessa
  4121 | D:5      | Duvessa changed into Duvessa the centaur
  4127 | D:5      | Killed Duvessa the centaur
  4128 | D:5      | Noticed Dowan
  4128 | D:5      | Dowan changed into Dowan the worker ant
  4135 | D:5      | Killed Dowan the worker ant
  4152 | D:6      | Reached * piety under Makhleb
  4295 | D:6      | Reached skill level 8 in Long Blades
  4309 | D:6      | Noticed Pikel
  4316 | D:6      | Slain by Pikel

Skill      XL: |  1  2  3  4  5  6  7  8 |
---------------+-------------------------+-----
Armour         | 4 5 6 7 |  7.7
Fighting       | 4 5 6 |  6.3
Shields        | 4 5 6 |  6.8
Long Blades    | 3 4 5 6 8 |  8.0
Dodging        | 1 2 3 |  3.0

Action                   |  1- 3 |  4- 6 |  7- 9 || total
-------------------------+-------+-------+-------++-------
Melee: Long sword        |    92 |    80 |   193 ||   365
       Headbutt          |    13 |    18 |    44 ||    75
Evoke: Wand              |       |       |     2 ||     2
  Use: Scroll            |       |       |     3 ||     3
       Potion            |       |       |     3 ||     3
  Eat: Chunk             |     1 |     5 |     5 ||    11
Armor: Scale mail        |    47 |    12 |    44 ||   103
Dodge: Dodged            |    25 |    32 |    35 ||    92
Block: Shield            |    40 |    50 |   142 ||   232
       Rpst.: Long sword |    10 |    10 |    10 ||    30
